 Dungeon Crawl Stone Soup version 0.22.1-1-ga44c0e56f4 (webtiles) character file.

1112 StringPryer the Stinger (level 8, -2/58 HPs)
             Began as a Formicid Venom Mage on Sept 22, 2018.
             Slain by Prince Ribbit (10 damage)
             ... on level 5 of the Dungeon.
             The game lasted 00:48:39 (6158 turns).

StringPryer the Stinger (Formicid Venom Mage)       Turns: 6158, Time: 00:48:40

Health: -2/58      AC:  2    Str: 13    XL:     8   Next: 59%
Magic:  2/14       EV: 18    Int: 17    God:
Gold:   132        SH:  0    Dex: 16    Spells: 2/15 levels left

rFire    . . .     SeeInvis +   y - +1 hand axe (elec)
rCold    . . .     Gourm    .   (no shield)
rNeg     . . .     Faith    +   a - +0 robe
rPois    +         Spirit   .   (helmet unavailable)
rElec    .         Reflect  .   w - +0 cloak
rCorr    .         Harm     .   (no gloves)
MR       .....                  (no boots)
Stlth    +++.......             f - amulet of faith
HPRegen  0.19/turn              n - ring of poison resistance
MPRegen  0.14/turn              (no ring)

@: agile
A: permanent stasis, dig shafts and tunnels, four strong arms, antennae 3,
deformed body, MP-powered wands
a: Dig, Shaft Self


You were on level 5 of the Dungeon.
You were hungry.

You visited 1 branch of the dungeon, and saw 5 of its levels.

You collected 132 gold pieces.

Inventory:

Hand Weapons
 q - a +0 falchion of slicing
 x - a +2 flail of crushing
 y - a +1 hand axe of electrocution (weapon)
 A - a +2 dire flail
Armour
 a - a +0 robe (worn)
 t - a +1 leather armour
 w - a +0 cloak (worn)
Magical Staves
 u - an uncursed staff of death
Jewellery
 f - an amulet of faith (around neck)
 n - a ring of poison resistance (left hand)
Wands
 d - a wand of random effects (15)
Scrolls
 e - a scroll of teleportation
 g - 2 scrolls of amnesia
 h - a scroll of immolation
 i - 3 scrolls of identify
 j - 2 scrolls of remove curse
 k - a scroll of enchant weapon {unknown}
 l - a scroll of enchant armour
 r - a scroll of blinking {unknown}
Potions
 o - 2 potions of agility
Comestibles
 c - 9 rations


   Skills:
 - Level 3.0 Fighting
 - Level 1.0 Long Blades
 - Level 2.6(3.2) Axes
 + Level 2.8(3.3) Maces & Flails
 - Level 1.0 Armour
 - Level 2.0 Dodging
 - Level 3.0 Stealth
 - Level 4.0 Spellcasting
 + Level 3.9 Conjurations
 - Level 2.0 Air Magic
 + Level 7.0 Poison Magic


You had 2 spell levels left.
You knew the following spells:

 Your Spells              Type           Power        Failure   Level  Hunger
a - Sting                 Conj/Pois      ###.         1%          1    None
b - Venom Bolt            Conj/Pois      ###.......   43%         5    ######.
c - Mephitic Cloud        Conj/Pois/Air  ###.....     9%          3    ###....
r - Olgreb's Toxic Radia  Pois           ####....     9%          4    ####...

Your spell library contained the following spells:

 Spells                   Type           Power        Failure   Level  Hunger
 Poisonous Vapours        Pois/Air       ###...       3%          2    ##.....


Dungeon Overview and Level Annotations

Branches:
Dungeon (5/15)
 Temple: D:4-7

Altars:
Trog

Shops:
D:4 *

Annotations:
D:5 Prince Ribbit


Innate Abilities, Weirdness & Mutations

You cannot be hasted, slowed, berserked, paralysed or teleported.
You can dig through walls and to a lower floor.
Your four strong arms can wield two-handed weapons with a shield.
You have a pair of large antennae on your head. (SInv)
Armour fits poorly on your strangely shaped body.
You expend magic power (3 MP) to strengthen your wands.


Message History

Prince Ribbit is almost dead.
The centaur wields a runed shortbow.
It is covered in frost.
The centaur shoots an arrow.
The arrow hits you!
* * * LOW HITPOINT WARNING * * *
The arrow freezes you.
* * * LOW HITPOINT WARNING * * *
The centaur shoots an arrow.
The arrow misses you.
Okay, then.
You feel agile all of a sudden.
The centaur shoots an arrow.
The arrow misses you.
The orc throws a stone.
The stone closely misses you.
Casting: Mephitic Cloud (safe; 9% risk of failure)
Confirm with . or Enter, or press ? or * to list all spells.
Aiming: Mephitic Cloud (safe; 9% risk of failure)
Press: ? - help, Shift-Dir - straight line, f - centaur
Aim: a centaur, wielding a shortbow of freezing (heavily wounded)
The ball explodes into a vile cloud!
The stinking cloud engulfs the centaur.
The centaur is heavily wounded.
The stinking cloud engulfs the orc. x2; Prince Ribbit hits you!
You die...

############
########.......F@.#
{
§§§§§§......###.###
##############oc# #
#§o# # .... # ...l.
....... .#.....>


You could see Prince Ribbit (confused), a centaur, 2 orcs and a frilled lizard.

Vanquished Creatures
  A moth of wrath (D:2)
  The ghost of JedernureinKreuz the Firebug, an amateur DgFE (D:4)
  2 ogres (D:4)
  A howler monkey (D:4)
  A crimson imp (D:5)
  A hound (D:4)
  An orc priest (D:3)
  A gnoll shaman (D:4)
  3 orc wizards
  2 worker ants (D:4)
  3 gnolls
  4 adders
  A shadow imp (D:3)
  2 oozes (D:1)
  3 worms
  2 dart slugs (D:1)
  25 orcs
  5 bats
  A giant cockroach (D:1)
  3 goblins
  4 hobgoblins
  2 jackals (D:5)
  11 kobolds
  A quokka (D:4)
  A frilled lizard (D:3)
  8 rats
90 creatures vanquished.

Notes
Turn   | Place    | Note
-------+----------+-------------------------------------------
     0 | D:1      | StringPryer the Formicid Venom Mage began the quest for the
                  | Orb.
     0 | D:1      | Reached XP level 1. HP: 13/13 MP: 3/3
   230 | D:1      | Reached skill level 1 in Conjurations
   230 | D:1      | Reached XP level 2. HP: 14/19 MP: 3/5
   506 | D:1      | Reached XP level 3. HP: 22/25 MP: 3/6
   511 | D:1      | Learned a level 3 spell: Mephitic Cloud
   981 | D:1      | You fall through a shaft!
  1274 | D:2      | Reached skill level 1 in Armour
  1321 | D:2      | Reached skill level 1 in Fighting
  1550 | D:2      | Reached XP level 4. HP: 28/32 MP: 3/7
  1693 | D:2      | Noticed a moth of wrath
  1695 | D:2      | Found a bloodstained altar of Trog.
  1722 | D:2      | Reached skill level 1 in Axes
  1985 | D:2      | Killed a moth of wrath
  1985 | D:2      | Reached skill level 1 in Air Magic
  1985 | D:2      | Reached skill level 5 in Poison Magic
  1985 | D:2      | Reached XP level 5. HP: 8/40 MP: 0/10
  1985 | D:2      | Reached XP level 6. HP: 9/46 MP: 0/11
  1985 | D:2      | Reached XP level 7. HP: 10/51 MP: 0/12
  1994 | D:2      | Learned a level 4 spell: Olgreb's Toxic Radiance
  3611 | D:4      | Found Ruky's General Store.
  3926 | D:4      | Learned a level 5 spell: Venom Bolt
  4009 | D:4      | Reached skill level 1 in Long Blades
  4325 | D:4      | Found a transporter.
  4388 | D:4      | Noticed JedernureinKreuz's ghost (amateur DgFE)
  4582 | D:4      | Reached skill level 1 in Maces & Flails
  4582 | D:4      | Reached XP level 8. HP: 34/58 MP: 4/13
  4624 | D:3      | Reached skill level 6 in Poison Magic
  5690 | D:4      | Found a transporter.
  5767 | D:4      | Killed JedernureinKreuz's ghost
  6015 | D:5      | Entered Level 5 of the Dungeon
  6072 | D:5      | Noticed Prince Ribbit
  6102 | D:5      | Reached skill level 7 in Poison Magic
  6109 | D:5      | Gained mutation: Armour fits poorly on your strangely
                  | shaped body. [potion of mutation]
  6109 | D:5      | Gained mutation: You expend magic power (3 MP) to
                  | strengthen your wands. [potion of mutation]
  6158 | D:5      | Slain by Prince Ribbit

Skill      XL: |  1  2  3  4  5  6  7  8 |
---------------+-------------------------+-----
Conjurations   | 1 2 3 |  3.9
Dodging        | 2 |  2.0
Stealth        | 3 |  3.0
Armour         | 1 |  1.0
Fighting       | 1 2 3 |  3.0
Axes           | 2 |  2.6
Spellcasting   | 3 4 |  4.0
Air Magic      | 1 2 |  2.0
Poison Magic   | 5 7 |  7.0
Long Blades    | 1 |  1.0
Maces & Flails | 1 2 |  2.8

Action                   |  1- 3 |  4- 6 |  7- 9 || total
-------------------------+-------+-------+-------++-------
Melee: Unarmed           |    14 |       |       ||    14
       Hand axe          |    43 |    18 |   121 ||   182
       Flail             |       |       |    48 ||    48
       Falchion          |       |       |     6 ||     6
 Cast: Sting             |    44 |    19 |   104 ||   167
       Mephitic Cloud    |       |     3 |    25 ||    28
       Olgreb's Toxic Ra |       |       |     1 ||     1
 Abil: Dig               |       |     1 |       ||     1
  Use: Potion            |       |     4 |     8 ||    12
       Scroll            |       |       |     7 ||     7
 Stab: Sleeping          |     1 |       |       ||     1
       Confused          |       |       |     9 ||     9
  Eat: Chunk             |     1 |       |    12 ||    13
       Ration            |       |     1 |     1 ||     2
Armor: Robe              |     2 |       |    18 ||    20
       Leather armour    |       |       |    14 ||    14
       Skin              |       |       |    20 ||    20
Dodge: Dodged            |    44 |     1 |    98 ||   143
